AoeStats
← lactating blueberry

Arabia

510924324Analyzed
2v2 RM · 18h ago on Oct 3, 2026· 16m 41s· 4 players
Game mode
Random Map
Map size
Medium (4 player)
Population
200
Speed
Normal
Resources
Standard
Victory
Conquest
Starting age
Dark Age
Ending age
Imperial Age
RankedLock teamsTeams togetherTeam positionsShared explorationLock speedFull tech treeHidden civsTurbo modeCheats
Victory
Defeat
🇨🇱 Mapuche · Chile
990
+12
🇨🇱 Khitans · Chile
942
+14
🇺🇸 Sicilians · United States
922
-14
🇺🇸 Khmer · United States
870
-12
gabrieloresp
7:46 Loom
10:01 Feudal Age
11:49 Double-Bit Axe
14:47 Forging
alfredoruninm
5:55 Loom
9:23 Feudal Age
9:28 Champi Runner
11:05 Double-Bit Axe
11:00 Horse Collar
12:21 Scale Mail Armor
13:20 Forging
Calamango
9:15 Feudal Age
11:26 Double-Bit Axe
lactating blueberry
2:49 Loom
4:54 Loom
10:33 Feudal Age
11:06 Double-Bit Axe
Connection lost

Rejoining the realm…

Still unreachable

The connection could not be restored.

Session expired

The server has moved on; the page needs a fresh start.